 Dungeon Crawl Stone Soup version 0.19.5 (webtiles) character file.

448 Hybris the Grave Robber (level 6, -2/41 HPs)
             Began as a Mummy Necromancer on Mar 23, 2017.
             Slain by Duvessa
             ... wielding a +0 short sword
              (15 damage)
             ... on level 4 of the Dungeon.
             The game lasted 00:24:33 (5563 turns).

Hybris the Grave Robber (Mummy Necromancer)         Turns: 5563, Time: 00:24:34

Health: -2/41      AC:  3    Str: 11    XL:     6   Next: 73%
Magic:  7/13       EV: 12    Int: 16    God:
Gold:   183        SH:  0    Dex: 13    Spells: 4 memorised, 5 levels left

rFire  x . .     SeeInvis .     j - +2 short sword (distort)
rCold  + . .     Gourm    .     a - +0 robe
rNeg   + + +     Faith    .     (no shield)
rPois  ∞         Spirit   .     (no helmet)
rElec  .         Reflect  .     (no cloak)
rCorr  .         Harm     .     f - +0 pair of gloves
MR     .....                    (no boots)
Stlth  ++........               (no amulet)
                                (no ring)
                                (no ring)

@: no status effects
A: no food or potions, fire vulnerability, cold resistance 1, negative energy
resistance 3, torment resistance, unbreathing
a: no special abilities


You were on level 4 of the Dungeon.
You were not hungry.

You visited 1 branch of the dungeon, and saw 4 of its levels.

You collected 183 gold pieces.

Inventory:

Hand Weapons
 j - a +2 short sword of distortion (weapon)
Armour
 a - a +0 robe (worn)
 f - a +0 pair of gloves (worn)
Wands
 i - a wand of lightning (0/15)
 k - a wand of disintegration (0/24)
Scrolls
 c - a scroll of enchant weapon
 d - 2 scrolls of magic mapping
 e - a scroll of blinking {unknown}
 g - a scroll of identify
 h - a scroll of remove curse {unknown}
Books
 b - a book of Necromancy

   Spells                             Type                      Level
   a - Pain                           Necromancy                   1
   b - Animate Skeleton               Necromancy                   1
   c - Vampiric Draining              Necromancy                   3
   d - Regeneration                   Charms/Necromancy            3
   e - Animate Dead                   Necromancy                   4
   f - Control Undead                 Necromancy                   4


   Skills:
 - Level 1.5 Dodging
 - Level 1.5 Stealth
 + Level 4.7 Spellcasting
 + Level 6.6 Necromancy


You had 5 spell levels left.
You knew the following spells:

 Your Spells              Type           Power        Failure   Level  Hunger
a - Pain                  Necr           ###.         1%          1    N/A
b - Animate Skeleton      Necr           N/A          1%          1    N/A
c - Vampiric Draining     Necr           ###.......   3%          3    N/A
d - Animate Dead          Necr           N/A          12%         4    N/A

Dungeon Overview and Level Annotations

Branches:
Dungeon (4/15)
 Temple: D:4-7

Altars:
Elyvilon

Annotations:
D:4 Duvessa


Innate Abilities, Weirdness & Mutations

You do not eat or drink.
Your flesh is vulnerable to fire.
You are immune to poison.
Your flesh is cold resistant. (rC+)
You are immune to negative energy. (rN+++)
You are immune to unholy pain and torment.
You can survive without breathing.


Message History

Casting: Vampiric Draining
Confirm with . or Enter, or press ? or * to list all spells.
Aiming: Vampiric Draining
Press: ? - help, Shift-Dir - straight line, f/p - Duvessa
Aim: Duvessa, wielding a short sword (lightly wounded, berserk, fast, unusually strong) Duvessa is moderately wounded.
You feel life coursing into your body. Duvessa hits you with a short sword.
Zapping:
i - a wand of lightning {zapped: 3} (will waste charges)
Press: ? - help, Shift-Dir - straight line, p - Duvessa You hear a mighty clap of thunder!
The bolt of lightning hits Duvessa.
Duvessa is moderately wounded.
The bolt of lightning misses the hungry ghost. x2
Evoking this partially-identified wand wasted a few charges.
Duvessa hits you with a short sword. Duvessa misses you.
A giant cockroach comes into view.
Duvessa rages.
Duvessa hits you with a short sword. Duvessa hits you with a short sword!
You die...

#.# #^.....#.# ###.## #.#
#........# #..... #.#
###...########.#.## #######.###
#.........#...... .....
.###.#..#.##....[.........#..##..
. #...)............>[...........
.#......#.##..Wes................
.#...#.##.######@..............#.
.#........# #....#.####......)
..........# #....#.###........
##..##.#.## #....#.##...>...##
......#.# #....#.#........#
.#..####.# #......#.......!# # ..
####............### ##
#####.##.####..........
#........####.#...#####


You could see a hungry ghost, Duvessa (berserk) and a giant cockroach.

Vanquished Creatures
  Blork the orc (D:4)
  Dowan (D:4)
  Jessica (D:2)
  A worker ant (D:4)
  Natasha (thrice) (D:2)
  Robin (D:1)
  4 adders
  A gnoll (D:1)
  An adder skeleton (D:4)
  4 worms
  2 dart slugs
  4 leopard geckos
  3 orcs (D:3)
  11 bats
  4 giant cockroaches
  14 goblins
  10 hobgoblins
  8 jackals
  5 quokkas
  2 ball pythons
  4 frilled lizards
  7 kobolds
  8 rats
100 creatures vanquished.

Vanquished Creatures (collateral kills)
  An adder (D:3)
  A goblin (D:2)
  A hobgoblin (D:2)
3 creatures vanquished.

Vanquished Creatures (others)
  An orc priest (D:3)
1 creature vanquished.

Grand Total: 104 creatures vanquished

Notes
Turn   | Place    | Note
-------+----------+-------------------------------------------
     0 | D:1      | Hybris the Mummy Necromancer began the quest for the Orb.
     0 | D:1      | Reached XP level 1. HP: 13/13 MP: 3/3
     2 | D:1      | Learned a level 1 spell: Animate Skeleton
   467 | D:1      | Reached XP level 2. HP: 18/19 MP: 0/5
  1036 | D:1      | Reached XP level 3. HP: 24/24 MP: 2/6
  1419 | D:2      | Noticed Jessica
  1422 | D:2      | Killed Jessica
  1442 | D:1      | Reached XP level 4. HP: 12/30 MP: 0/8
  1691 | D:2      | Learned a level 3 spell: Vampiric Draining
  1695 | D:2      | Noticed Natasha
  1718 | D:2      | Killed Natasha
  1718 | D:2      | Reached skill level 5 in Necromancy
  1766 | D:2      | Noticed Natasha
  1771 | D:2      | Killed Natasha
  2078 | D:2      | Noticed Natasha
  2089 | D:2      | Killed Natasha
  2089 | D:2      | Reached XP level 5. HP: 29/35 MP: 2/10
  2670 | D:2      | Noticed Robin
  2749 | D:1      | Killed Robin
  2917 | D:1      | Learned a level 4 spell: Animate Dead
  3037 | D:2      | Found a white marble altar of Elyvilon.
  3711 | D:3      | You fall through a shaft!
  3711 | D:4      | Noticed Duvessa
  3711 | D:4      | Noticed Dowan
  4142 | D:3      | Reached skill level 6 in Necromancy
  4304 | D:3      | Reached XP level 6. HP: 41/41 MP: 10/12
  4682 | D:4      | Noticed Blork the orc
  5227 | D:4      | Killed Blork the orc
  5549 | D:4      | Killed Dowan
  5551 | D:4      | Noticed a hungry ghost
  5563 | D:4      | Slain by Duvessa

Skill      XL: |  1  2  3  4  5 |
---------------+----------------+-----
Spellcasting   | 3 4 |  4.7
Necromancy     | 5 6 |  6.6
Dodging        | |  1.5
Stealth        | |  1.5

Action                   |  1- 3 |  4- 6 || total
-------------------------+-------+-------++-------
Melee: Unarmed           |     6 |     7 ||    13
       Short sword       |       |    38 ||    38
 Cast: Pain              |    46 |   181 ||   227
       Animate Skeleton  |     5 |    33 ||    38
       Vampiric Draining |       |     4 ||     4
       Animate Dead      |       |     2 ||     2
Evoke: Wand              |       |     6 ||     6
  Use: Scroll            |       |     2 ||     2
 Stab: Sleeping          |       |     3 ||     3
Armor: Robe              |     1 |    17 ||    18
Dodge: Dodged            |    20 |    63 ||    83
